 Dungeon Crawl Stone Soup version 0.30-a0-989-g0d87f670db (webtiles) character file.

Game seed: 12532046559336223183

4861 dredge the Carver (level 10, 0/93 HPs)
             Began as a Minotaur Berserker on Apr 2, 2023.
             Was an Elder of Trog.
             Succumbed to Erica's bolt of poison
             ... on level 8 of the Dungeon.
             The game lasted 00:17:00 (7052 turns).

dredge the Carver (Minotaur Berserker)              Turns: 7052, Time: 00:17:00

Health: 0/93       AC: 15    Str: 23    XL:     10   Next: 26%
Magic:  9/9        EV: 23    Int:  4    God:    Trog [****..]
Gold:   409        SH:  0    Dex: 13    Spells: 9/9 levels left

rFire   . . .      SeeInvis .    a - +3 battleaxe
rCold   + . .      Faith    .    (shield currently unavailable)
rNeg    . . .      Spirit   .    l - +0 plate armour
rPois   .          Reflect  .    (helmet restricted)
rElec   .          Rampage  .    (no cloak)
rCorr   .                        x - +0 pair of gloves
Will    .....                    (no boots) Stlth
                                 B - amulet of the acrobat
HPRegen 0.35/turn                o - ring of protection from cold
MPRegen 0.11/turn                (no ring)

@: lethally poisoned (0 -> 0), on berserk cooldown, acrobatic, slowed, very slow
A: horns 2, retaliatory headbutt
a: Renounce Religion, Berserk, Trog's Hand, Brothers in Arms


You were on level 8 of the Dungeon.
You worshipped Trog.
Trog was greatly pleased with you.
You visited 1 branch of the dungeon, and saw 8 of its levels.

You collected 409 gold pieces.

Inventory:

Hand Weapons
 a - a +3 battleaxe (weapon)
 z - a +1 glaive of venom
 E - a +2 mace of holy wrath
 F - a +3 flail of freezing
Missiles
 i - 21 boomerangs (quivered)
 p - 14 poisoned darts
Armour
 l - a +0 plate armour (worn)
 w - the +4 robe of Augmentation {Str+4 Int+4 Dex+4}
   (You found it on level 6 of the Dungeon)

   Str:       It affects your strength (+4).
   Int:       It affects your intelligence (+4).
   Dex:       It affects your dexterity (+4).
 x - a +0 pair of gloves (worn)
Jewellery
 o - a ring of protection from cold (left hand)
 B - an amulet of the acrobat (around neck)
Wands
 A - a wand of acid (10)
 G - a wand of flame (16)
 H - a wand of charming (2)
Scrolls
 b - 8 scrolls of identify {unknown}
 d - 4 scrolls of teleportation {unknown}
 e - a scroll of enchant weapon {unknown}
 g - a scroll of noise {unknown}
 m - 3 scrolls of poison {unknown}
 n - 3 scrolls of vulnerability {unknown}
 q - a scroll of fog {unknown}
 r - a scroll of enchant armour {unknown}
 s - 2 scrolls of fear {unknown}
 y - 2 scrolls of immolation {unknown}
 D - 2 scrolls of amnesia {unknown}
Potions
 c - 2 potions of ambrosia {unknown}
 f - 3 potions of haste {unknown}
 h - 3 potions of degeneration {unknown}
 j - a potion of lignification {unknown}
 k - a potion of berserk rage {unknown}
 t - a potion of might {unknown}
 u - 2 potions of mutation {unknown}
 v - 4 potions of curing {unknown}
 C - a potion of heal wounds {unknown}


   Skills:
 * Level 9.8 Fighting
 + Level 10.6 Long Blades
 + Level 3.0(5.2) Axes
 + Level 6.6(6.9) Polearms
 + Level 9.4 Armour
 + Level 2.6 Dodging
 + Level 1.3 Stealth


You had 9 spell levels left.
You didn't know any spells.
Your spell library contained the following spells:

 Spells                   Type           Power      Damage    Failure   Level
 Freeze                   Ice            0%         1d3       100%        1
 Magic Dart               Conj           0%         1d3       100%        1
 Call Imp                 Summ           0%         N/A       100%        2
 Ensorcelled Hibernation  Hex/Ice        0%         N/A       100%        2
 Passwall                 Tmut/Erth      0%         N/A       100%        2
 Frozen Ramparts          Ice            0%         1d1       100%        3
 Hailstorm                Conj/Ice       0%         3d3       100%        3
 Mephitic Cloud           Conj/Pois/Air  0%         N/A       100%        3
 Swiftness                Air            0%         N/A       100%        3
 Iskenderun's Battlesphe  Conj           0%         2d6       100%        5
 Iron Shot                Conj/Erth      0%         9d1       100%        6
 Spellforged Servitor     Conj/Summ      0%         N/A       100%        7


Dungeon Overview and Level Annotations

Branches:
Dungeon (8/15)             Temple (0/1) D:7
   Lair: D:8-11

Altars:
Gozag
Hepliaklqana
Yredelemnul

Shops:
D:7 (


Innate Abilities, Weirdness & Mutations

You have a pair of horns on your head.
You reflexively headbutt those who attack you in melee.


Message History

Something burns you.
* * * LOW HITPOINT WARNING * * *
Something hits you.
* * * LOW HITPOINT WARNING * * *
Something burns you.
* * * LOW HITPOINT WARNING * * *
You are too berserk!
You slice something!!
You feel the power of Trog in you as your rage grows.
Trog accepts your kill.
Trog appreciates your killing of a magic user.
Reactivating autopickup.
You feel a bit more experienced.
* * * LOW HITPOINT WARNING * * *
You feel sick.
Your base Axes skill increases to level 2!
You are too berserk!
You slice the hornet!! You headbutt the hornet!
You kill the hornet!
Trog accepts your kill.
* * * LOW HITPOINT WARNING * * *
You feel sick.
Your base Axes skill increases to level 3!
You start resting.
* * * LOW HITPOINT WARNING * * *
You feel sick.
You start resting.
You feel a strong urge to attack something.
* * * LOW HITPOINT WARNING * * *
You feel sick.
You start resting.
* * * LOW HITPOINT WARNING * * *
You feel sick.
Okay, then.
Calm down first, please.
You start resting.
You feel your anger nearly subside.
You are no longer berserk.
You are exhausted.
You feel as though you will be slow longer.
You die...

#.. #### #.# ##.
###...###.## ##
.........!.#
...........#
...........#
..........#
..........# #######
.......@..###.....#
......).#..#..###.###
.......#.#....#.....#
........#######.#.###
.......# #.._..####
......# ###.#.#[..
###..# #.....#... ..#
###.###..# ..
#.....##


There were no monsters in sight!

Vanquished Creatures
  Erica (D:8)
  A gargoyle (D:7)
  A hornet (D:8)
  5 yaks (D:6)
  A steam dragon (D:7)
  Duvessa (D:7)
  A water moccasin (D:7)
  2 ice beasts (D:7)
  6 black bears
  An ogre (D:4)
  3 centaurs
  A phantom (D:4)
  A kobold brigand (D:8)
  3 bullfrogs
  4 scorpions
  3 wights (D:8)
  Dowan (D:7)
  3 killer bees (D:7)
  2 howler monkeys
  6 hounds
  A jelly (D:5)
  3 orc priests (D:4)
  A sleepcap (D:5)
  2 iguanas (D:6)
  4 orc wizards
  9 adders
  3 shadow imps
  2 white imps
  2 ufetubi
  3 dart slugs
  A worm (D:2)
  20 orcs
  9 bats
  6 endoplasms
  3 giant cockroaches
  11 goblins
  3 hobgoblins
  4 jackals (D:1)
  4 quokkas
  5 ball pythons
  2 frilled lizards (D:1)
  14 kobolds
  9 rats
  A spectral orc (D:7)
169 creatures vanquished.

Notes
Turn   | Place    | Note
-------+----------+-------------------------------------------
     0 | D:1      | dredge the Minotaur Berserker began the quest for the Orb.
     0 | D:1      | Reached XP level 1. HP: 19/19 MP: 0/0
   233 | D:1      | Reached skill level 4 in Long Blades
   233 | D:1      | Reached XP level 2. HP: 21/27 MP: 1/1
   373 | D:1      | Reached XP level 3. HP: 33/34 MP: 2/2
   408 | D:1      | Reached ** piety under Trog
  1096 | D:2      | Reached XP level 4. HP: 33/41 MP: 3/3
  1533 | D:3      | Reached skill level 5 in Long Blades
  1990 | D:3      | Reached XP level 5. HP: 47/47 MP: 4/4
  2249 | D:4      | Reached skill level 5 in Fighting
  2269 | D:4      | Noticed an ogre
  2277 | D:4      | Killed an ogre
  2278 | D:4      | Reached skill level 6 in Long Blades
  2278 | D:4      | Reached XP level 6. HP: 15/56 MP: 5/5
  2709 | D:4      | Reached *** piety under Trog
  2958 | D:4      | Reached skill level 7 in Long Blades
  2958 | D:4      | Reached XP level 7. HP: 49/63 MP: 6/6
  3246 | D:5      | Entered Level 5 of the Dungeon
  3417 | D:5      | Reached skill level 5 in Armour
  3486 | D:5      | Reached skill level 8 in Long Blades
  3811 | D:5      | Found a basalt altar of Yredelemnul.
  3961 | D:5      | Reached XP level 8. HP: 65/71 MP: 7/7
  4153 | D:6      | Found the +4 robe of Augmentation {Str+4 Int+4 Dex+4}
  4324 | D:6      | Reached skill level 1 in Stealth
  4356 | D:6      | Reached skill level 9 in Long Blades
  4536 | D:6      | Reached **** piety under Trog
  4740 | D:6      | Reached skill level 10 in Long Blades
  4758 | D:6      | Reached XP level 9. HP: 50/81 MP: 8/8
  5072 | D:7      | Reached skill level 1 in Polearms
  5335 | D:7      | Found Qyad's Weapon Boutique.
  5367 | D:7      | Noticed a gargoyle
  5378 | D:7      | Killed a gargoyle
  6014 | D:7      | Noticed Duvessa
  6014 | D:7      | Noticed Dowan
  6018 | D:7      | Killed Duvessa
  6019 | D:7      | Reached skill level 5 in Polearms
  6019 | D:7      | Killed Dowan
  6203 | D:7      | Found a staircase to the Ecumenical Temple.
  6412 | D:7      | Found a hazy altar of Hepliaklqana.
  6889 | D:8      | Reached XP level 10. HP: 89/91 MP: 9/9
  7010 | D:8      | Found an opulent altar of Gozag.
  7034 | D:8      | Noticed Erica
  7044 | D:8      | Reached skill level 1 in Axes
  7046 | D:8      | HP: 6/136 [something (2)]
  7047 | D:8      | Killed Erica
  7050 | D:8      | HP: 2/139 [poisoned by Erica (bolt of poison)]
  7052 | D:8      | Succumbed to Erica's bolt of poison

Illustrated notes

Levels and vault maps discovered:
D:1:      minmay_arrival_loop, layout_basic, chequers_jeans, minmay_vboxes
D:2:      layout_basic
D:3:      layout_loops_ring
D:4:      layout_loops_ring
D:5:      layout_basic, yredelemnul_altar_generic, lemuel_flame_loot_1
D:6:      layout_gridville
D:7:      layout_rooms, nicolae_hepliaklqana_monster_ancestors,
          minmay_temple_entry_nine_rooms, serial_corexii_hall,
          corexii_hall_statues_u, corexii_hall_statues_u,
          corexii_hall_statues_l, corexii_hall_statues_t, serial_shops,
          nicolae_shop_hallway_plus, grunt_ministairs_15, roderic_lattice_a,
          uniq_duvessa
D:8:      layout_cave_pods, nicolae_gozag_cash_rules_everything_around_me,
          uniq_erica

Skill      XL: |  1  2  3  4  5  6  7  8  9 10 |
---------------+-------------------------------+-----
Long Blades    | 4 5 6 7 8 10 | 10.6
Fighting       | 4 5 6 7 9 |  9.8
Armour         | 3 4 5 7 9 |  9.4
Stealth        | 1 |  1.3
Polearms       | 6 |  6.6
Axes           | 3 |  3.0
Dodging        | |  2.6

Action                     |  1- 3 |  4- 6 |  7- 9 | 10-12 || total
---------------------------+-------+-------+-------+-------++-------
  Melee: Falchion          |   123 |   160 |   207 |       ||   490
         Headbutt          |    18 |    24 |    65 |     1 ||   108
         Punch             |       |     3 |     3 |       ||     6
         Glaive            |       |       |    95 |       ||    95
         Battleaxe         |       |       |     9 |    13 ||    22
 Invoke: Berserk           |       |     1 |       |     1 ||     2
 Armour: Animal skin       |    10 |       |       |       ||    10
         Scale mail        |    19 |       |       |       ||    19
         Plate armour      |    14 |    85 |   258 |    17 ||   374
  Dodge: Dodged            |    55 |    53 |   150 |     2 ||   260

Table legend: (Time is in decaauts)
 A = Elapsed time spent in this place.
 B = Non-inter-level travel time spent in this place.
 C = Inter-level travel time spent in this place.
 D = Time resting spent in this place.
 E = Time spent auto-exploring this place.
 F = Levels seen in this place.
 G = Mean time per level.
                   A        B        C        D        E       F      G
               +--------+--------+--------+--------+--------+-----+--------+
         Total |   7104 |   6979 |    125 |    414 |   5090 |   8 |  888.0 |
       Dungeon |   7104 |   6979 |    125 |    414 |   5090 |   8 |  888.0 |
               +--------+--------+--------+--------+--------+-----+--------+

Top non-repeatable levels by time:
     D:7: 1671 daAuts
     D:4: 1078 daAuts
     D:6: 898 daAuts
     D:5: 893 daAuts
     D:3: 807 daAuts
     D:1: 700 daAuts
     D:2: 678 daAuts
     D:8: 377 daAuts
